 Dungeon Crawl Stone Soup version 0.29.0-4-gdea44cf6ec (webtiles) character file.

Game seed: 1793765135328137028

7708 qw the Cleaver (level 11, -2/64 HPs)
             Began as a Tengu Warper on Aug 28, 2022.
             Was a High Priest of Okawaru.
             Slain by a hell knight
             ... wielding a +5 war axe of flaming
              (5 damage)
             ... on level 2 of the Abyss.
             The game lasted 00:01:08 (9979 turns).

qw the Cleaver (Tengu Warper)                       Turns: 9979, Time: 00:01:08

Health: -2/64      AC: 21    Str: 21    XL:     11   Next: 19%
Magic:  15/16      EV: 14    Int: 13    God:    Okawaru [*****.]
Gold:   1887       SH: 13    Dex: 17    Spells: 14/14 levels left

rFire   . . .      SeeInvis .   Y - +7 broad axe (flame)
rCold   . . .      Faith    .   k - +0 kite shield
rNeg    . . .      Spirit   .   g - +5 chain mail of Efod {Dex+2}
rPois   .          Reflect  .   (helmet restricted)
rElec   .          Harm     .   (no cloak)
rCorr   .          Rampage  .   f - +0 pair of gloves
Will    .....                   (boots unavailable)
Stlth   ..........              (no amulet)
HPRegen 0.20/turn               j - +4 ring of protection
MPRegen 0.15/turn               a - +6 ring of strength

@: about to teleport, heroic, flying quickly and evasively, quick
A: beak, talons 3, nimble flight
a: Renounce Religion, Heroism, Finesse, Duel


You were on level 2 of the Abyss.
You worshipped Okawaru.
Okawaru was extremely pleased with you.
You visited 2 branches of the dungeon, and saw 11 of its levels.
You visited the Abyss 1 time.

You collected 2147 gold pieces.
You spent 260 gold pieces at shops.


Innate Abilities, Weirdness & Mutations

You have a beak for a mouth.
You have claws for feet.
Your magical nature lets you fly swiftly and evasively.


   Skills:
 - Level 6.0(11.0) Fighting
 + Level 12.0(17.0) Axes
 - Level 1.0(6.0) Throwing
 - Level 4.0(9.0) Armour
 - Level 5.1(10.1) Dodging
 - Level 8.0(13.0) Shields
 - Level 2.0 Spellcasting
 - Level 2.4 Translocations
 + Level 5.6 Invocations


You had 14 spell levels left.
You didn't know any spells.
Your spell library contained the following spells:

 Spells                   Type           Power      Damage    Failure   Level
 Blink                    Tloc           14%        N/A       89%         2
 Gell's Gravitas          Tloc           7%         N/A       98%         3
 Lesser Beckoning         Tloc           7%         N/A       98%         3
 Teleport Other           Tloc           7%         N/A       98%         3
 Manifold Assault         Tloc           7%         N/A       100%        5

Inventory:

Hand Weapons
 Y - a +7 broad axe of flaming (weapon)
Missiles
 b - 2 boomerangs (quivered)
Armour
 f - a +0 pair of gloves (worn)
 g - the +5 chain mail of Efod (worn) {Dex+2}
   (You found it on level 6 of the Dungeon)

   Dex:       It affects your dexterity (+2).
 k - a +0 kite shield (worn)
Jewellery
 a - a +6 ring of strength (right hand)
 i - a ring of protection from fire
 j - a +4 ring of protection (left hand)
Scrolls
 d - a scroll of identify
 p - 4 scrolls of teleportation
Potions
 h - 3 potions of curing
 m - a potion of might
 o - 2 potions of haste

Dungeon Overview and Level Annotations

Branches:
Dungeon (10/15)            Temple (1/1) D:5            Lair (0/5) D:10
    Orc: D:9-12

Altars:
Ashenzari
Cheibriados
Dithmenos
Elyvilon
Fedhas
Gozag
Hepliaklqana
Kikubaaqudgha
Makhleb
Nemelex Xobeh
Okawaru
Qazlal
Ru
Sif Muna
Trog
Uskayaw
Vehumet
Wu Jian
Xom
Yredelemnul
Zin
The Shining One

Shops:
D:6 ?

Annotations:
D:6 1 runed translucent door, qw's ghost, amateur TeWr
D:10 Erolcha


Message History

Your peck misses the hell knight.
The hell knight is lightly wounded.
You block the hell knight's attack.
The hell knight mumbles some strange prayers to its god against you.
The bolt of fire misses you.
You barely miss the hell knight. Your kick misses the hell knight.
The hell knight is lightly wounded.
The hell knight barely misses you.
You slash the hell knight! You claw the hell knight.
The hell knight is moderately wounded.
You hit the hell knight but do no damage.
The hell knight mumbles some strange prayers to its god against you.
The bolt of fire hits the hell knight.
The hell knight completely resists.
The bolt of fire hits you!! You block the hell knight's attack.
The hell knight utters an invocation to its god.
The hell knight seems to speed up.
You closely miss the hell knight. You peck the hell knight.
The hell knight is moderately wounded.
You hit the hell knight.
The hell knight hits you with a +5 war axe of flaming.
The hell knight burns you.
The hell knight invokes the aid of its god against you.
The bolt of fire hits the hell knight.
The hell knight completely resists.
The bolt of fire hits you! You block the hell knight's attack.
The hell knight prays to its god.
The hell knight blinks!
You hear a shout!
9978 ||| READING 5 scrolls of teleportation.
As you read the scroll of teleportation, it crumbles to dust.
You feel strangely unstable.
You feel the power of the Abyss delaying your translocation!
You block the hell knight's attack.
The hell knight hits you but does no damage.
The hell knight closely misses you.
You barely miss the hell knight. You claw the hell knight.
You peck the hell knight, but do no damage.
The hell knight is heavily wounded.
You hit the hell knight.
The hell knight hits you with a +5 war axe of flaming.
You die...

. . .# . .....#
####### ..# ## .
. . ...#...# .
.. ... .. . ##
p.. . # ....##.#
###p... . .
#.....#####..p..
. .. # ..
#..#.#p.# . .
...#...##.#@p#
..##### #
##......# #
##.#....#.# # ..
. # .#.#### ยค.
## #.. ## #.##
... ..#. .. .
.#. .. .# #..#.
.. . . #.#..# .#
## . .#. #


You could see 4 hell knights and a necromancer.

Vanquished Creatures
  A thrashing horror (Abyss:2)
  Amaemon (D:9)
  Pikel (D:7)
  Joseph (D:7)
  An orange demon (D:9)
  An unseen horror (D:9)
  A queen bee (D:8)
  A vampire (D:9)
  4 yaks (D:9)
  2 wyverns (D:9)
  2 steam dragons
  A water moccasin (D:5)
  Duvessa (D:4)
  3 orc warriors (D:7)
  A sky beast (D:8)
  A black bear (D:9)
  2 ice beasts
  2 lemures (D:7)
  2 centaurs
  A phantom (D:7)
  Blork the orc (D:5)
  2 bullfrogs
  3 scorpions (D:6)
  2 gnoll sergeants
  A small abomination (Abyss:2)
  9 wights
  Dowan (D:4)
  15 killer bees
  A gnoll bouda (D:6)
  4 hounds
  3 jellies
  4 orc priests
  2 iguanas (D:4)
  8 orc wizards
  Robin (D:4)
  14 gnolls
  8 adders
  3 white imps
  An ufetubus (D:6)
  3 worms
  5 dart slugs
  26 orcs
  4 bats
  12 endoplasms
  5 giant cockroaches
  17 goblins
  9 hobgoblins
  6 jackals
  7 kobolds
  4 ball pythons
  3 frilled lizards
  10 rats
  A spectral hobgoblin (D:1)
225 creatures vanquished.

Vanquished Creatures (others)
  6 fungi (D:5)
  19 plants (D:8)
25 creatures vanquished.

Grand Total: 250 creatures vanquished

Notes
Turn   | Place    | Note
-------+----------+-------------------------------------------
     0 | D:1      | qw the Tengu Warper began the quest for the Orb.
     0 | D:1      | Reached XP level 1. HP: 12/12 MP: 4/4
     0 | D:1      | 0 ||| qw: Version: 0.1-a-89-g26bdef1
     0 | D:1      | 0 ||| qw: Game counter: 1029
     0 | D:1      | 0 ||| qw: Always use a shield: true
     0 | D:1      | 0 ||| qw: God list: Okawaru
     0 | D:1      | 0 ||| qw: Allow faded altars: false
     0 | D:1      | 0 ||| qw: Do Orc after D:15 true
     0 | D:1      | 0 ||| qw: Do second Lair branch before Depths: true
     0 | D:1      | 0 ||| qw: Lair rune preference: random
     0 | D:1      | 0 ||| qw: Plans: Normal
     0 | D:1      | 0 ||| PLANNING D:1-11
    15 | D:1      | 15 ||| Stepping ~*~*~tactically~*~*~ (stealth).
    16 | D:1      | 16 ||| Stepping ~*~*~tactically~*~*~ (stealth).
   189 | D:1      | Reached skill level 3 in Axes
   189 | D:1      | Reached XP level 2. HP: 17/17 MP: 6/6
   190 | D:1      | 190 ||| Stepping ~*~*~tactically~*~*~ (stealth).
   191 | D:1      | 191 ||| Stepping ~*~*~tactically~*~*~ (stealth).
   270 | D:1      | 270 ||| Stepping ~*~*~tactically~*~*~ (stealth).
   271 | D:1      | Found a faded altar of an unknown god.
   327 | D:1      | 327 ||| Stepping ~*~*~tactically~*~*~ (water).
   627 | D:1      | 627 ||| Stepping ~*~*~tactically~*~*~ (stealth).
   634 | D:1      | Reached XP level 3. HP: 19/21 MP: 7/7
   718 | D:1      | 718 ||| Stepping ~*~*~tactically~*~*~ (hiding).
   720 | D:1      | 720 ||| Stepping ~*~*~tactically~*~*~ (hiding).
   726 | D:1      | Reached skill level 4 in Axes
   969 | D:1      | 969 ||| UPGRADING to +0 kite shield.
   974 | D:1      | 974 ||| UPGRADING to +4 ring of protection.
   975 | D:1      | 975 ||| DROPPING ring of wizardry.
   976 | D:1      | 976 ||| READING scroll labelled YQAIHAE CEATHA.
   979 | D:1      | 979 ||| READING scroll labelled ASCHUZX UBRA.
   980 | D:1      | 980 ||| READING 3 scrolls labelled MOIHAFFA EW KURPH.
   981 | D:1      | 981 ||| DROPPING scroll of blinking.
   982 | D:1      | 982 ||| DROPPING 2 scrolls of butterflies.
  1168 | D:2      | 1168 ||| DROPPING +0 club.
  1304 | D:2      | Reached skill level 1 in Shields
  1348 | D:2      | Reached XP level 4. HP: 26/26 MP: 8/8
  1417 | D:2      | You fall into a shaft and drop 2 floors!
  1522 | D:4      | 1522 ||| UPGRADING to +0 ring mail.
  1532 | D:4      | 1532 ||| DROPPING +0 leather armour.
  1533 | D:4      | 1533 ||| UPGRADING to ring of positive energy.
  1534 | D:4      | 1534 ||| READING 4 scrolls labelled ZIUW OBBOSHRI.
  1535 | D:4      | 1535 ||| READING scroll labelled HINESEO LOEF.
  1536 | D:4      | 1536 ||| READING scroll labelled KUITEOTUMI.
  1576 | D:4      | 1576 ||| FLEEEEING.
  1577 | D:4      | 1577 ||| FLEEEEING.
  1581 | D:4      | 1581 ||| STAIRDANCE
  1635 | D:3      | 1635 ||| Stepping ~*~*~tactically~*~*~ (stealth).
  1677 | D:3      | 1677 ||| DROPPING scarf of shadows.
  1720 | D:3      | 1720 ||| Stepping ~*~*~tactically~*~*~ (stealth).
  1722 | D:3      | 1722 ||| Stepping ~*~*~tactically~*~*~ (stealth).
  1728 | D:3      | 1728 ||| Stepping ~*~*~tactically~*~*~ (stealth).
  1730 | D:3      | 1730 ||| Stepping ~*~*~tactically~*~*~ (stealth).
  1739 | D:3      | 1739 ||| Stepping ~*~*~tactically~*~*~ (stealth).
  1740 | D:3      | 1740 ||| Stepping ~*~*~tactically~*~*~ (stealth).
  1831 | D:3      | Reached skill level 3 in Shields
  1831 | D:3      | Gained mutation: Your magical nature lets you fly swiftly
                  | and evasively. [Tengu growth]
  1831 | D:3      | Reached XP level 5. HP: 23/30 MP: 9/9
  1907 | D:3      | 1907 ||| Stepping ~*~*~tactically~*~*~ (stealth).
  1911 | D:3      | 1911 ||| Stepping ~*~*~tactically~*~*~ (stealth).
  1945 | D:3      | 1945 ||| READING scroll labelled LUROEL ZATAPN.
  1945 | D:3      | Identified a scroll of acquirement
  1945 | D:3      | 1945 ||| ACQUIRING +4 broad axe of venom
  1945 | D:3      | Acquired a +4 broad axe of venom
  1947 | D:3      | 1947 ||| SWAPPING to +4 broad axe of venom.
  1948 | D:3      | 1948 ||| DROPPING +0 hand axe.
  1949 | D:3      | 1949 ||| DRINKING 2 pink potions.
  1950 | D:3      | 1950 ||| READING 3 scrolls of identify.
  1950 | D:3      | 1950 ||| IDENTIFYING lumpy purple potion
  1951 | D:3      | 1951 ||| READING 2 scrolls of identify.
  1951 | D:3      | 1951 ||| IDENTIFYING glowing puce potion
  1952 | D:3      | 1952 ||| DROPPING 3 scrolls of immolation.
  1953 | D:3      | 1953 ||| DROPPING potion of degeneration.
  1954 | D:3      | 1954 ||| DROPPING potion of lignification.
  2504 | D:3      | 2504 ||| READING scroll labelled SUWATH ZUCH.
  2592 | D:4      | 2592 ||| Stepping ~*~*~tactically~*~*~ (hiding).
  2595 | D:4      | 2595 ||| Stepping ~*~*~tactically~*~*~ (hiding).
  2662 | D:4      | 2662 ||| Stepping ~*~*~tactically~*~*~ (stealth).
  2724 | D:4      | Noticed Robin
  2725 | D:4      | 2725 ||| Stepping ~*~*~tactically~*~*~ (hiding).
  2735 | D:4      | Killed Robin
  2737 | D:4      | 2737 ||| Stepping ~*~*~tactically~*~*~ (stealth).
  2743 | D:4      | 2743 ||| FLEEEEING.
  2744 | D:4      | 2744 ||| FLEEEEING.
  2745 | D:4      | 2745 ||| FLEEEEING.
  2746 | D:4      | 2746 ||| FLEEEEING.
  2747 | D:4      | 2747 ||| FLEEEEING.
  2748 | D:4      | 2748 ||| FLEEEEING.
  2749 | D:4      | 2749 ||| FLEEEEING.
  2753 | D:4      | 2753 ||| FLEEEEING.
  2754 | D:4      | 2754 ||| FLEEEEING.
  2758 | D:4      | 2758 ||| FLEEEEING.
  2759 | D:4      | 2759 ||| FLEEEEING.
  2777 | D:4      | Reached skill level 5 in Axes
  2875 | D:4      | 2875 ||| FLEEEEING.
  2876 | D:4      | 2876 ||| FLEEEEING.
  2877 | D:4      | 2877 ||| FLEEEEING.
  2878 | D:4      | 2878 ||| FLEEEEING.
  2879 | D:4      | 2879 ||| FLEEEEING.
  2880 | D:4      | 2880 ||| FLEEEEING.
  2881 | D:4      | 2881 ||| FLEEEEING.
  2882 | D:4      | 2882 ||| FLEEEEING.
  2883 | D:4      | 2883 ||| FLEEEEING.
  2884 | D:4      | 2884 ||| FLEEEEING.
  2959 | D:4      | Noticed Dowan
  2959 | D:4      | Noticed Duvessa
  2960 | D:4      | 2960 ||| Stepping ~*~*~tactically~*~*~ (hiding).
  2966 | D:4      | 2966 ||| Stepping ~*~*~tactically~*~*~ (hiding).
  2968 | D:4      | Killed Duvessa
  2969 | D:4      | Reached skill level 6 in Axes
  2969 | D:4      | Reached XP level 6. HP: 34/35 MP: 10/10
  2975 | D:4      | 2975 ||| Stepping ~*~*~tactically~*~*~ (hiding).
  2975 | D:4      | Killed Dowan
  3231 | D:4      | 3231 ||| READING scroll of enchant weapon.
  3231 | D:4      | 3231 ||| ENCHANTING +5 broad axe of venom.
  3245 | D:4      | 3245 ||| Stepping ~*~*~tactically~*~*~ (hiding).
  3510 | D:4      | Found a white marble altar of Elyvilon.
  3615 | D:4      | 3615 ||| UPGRADING to +0 chain mail.
  3625 | D:4      | 3625 ||| DROPPING +0 ring mail.
  3626 | D:4      | 3626 ||| UPGRADING to +6 ring of strength.
  3628 | D:4      | 3628 ||| DROPPING ring of ice.
  3629 | D:4      | 3629 ||| DROPPING ring of positive energy.
  3630 | D:4      | 3630 ||| READING scroll labelled CYVEG RUITO.
  3631 | D:4      | 3631 ||| READING 2 scrolls of identify.
  3631 | D:4      | 3631 ||| IDENTIFYING emerald potion
  3632 | D:4      | 3632 ||| DROPPING potion of invisibility.
  3639 | D:5      | Entered Level 5 of the Dungeon
  3639 | D:5      | Noticed a water moccasin
  3640 | D:5      | 3640 ||| STAIRDANCE
  3748 | D:5      | Killed a water moccasin
  3749 | D:5      | Reached XP level 7. HP: 39/40 MP: 11/11
  3769 | D:5      | 3769 ||| Stepping ~*~*~tactically~*~*~ (stealth).
  3775 | D:5      | 3775 ||| Stepping ~*~*~tactically~*~*~ (stealth).
  3777 | D:5      | 3777 ||| Stepping ~*~*~tactically~*~*~ (hiding).
  3784 | D:5      | 3784 ||| Stepping ~*~*~tactically~*~*~ (stealth).
  3796 | D:5      | Reached skill level 7 in Axes
  3836 | D:5      | Found a stormy altar of Qazlal.
  3863 | D:5      | 3863 ||| READING scroll of enchant weapon.
  3863 | D:5      | 3863 ||| ENCHANTING +6 broad axe of venom.
  4117 | D:5      | Found a sparkling altar of Nemelex Xobeh.
  4158 | D:5      | Found a staircase to the Ecumenical Temple.
  4159 | D:5      | 4159 ||| PLANNING TEMPLE
  4159 | D:5      | 4159 ||| UPGRADING to +0 pair of gloves.
  4164 | D:5      | 4164 ||| READING scroll labelled EMITOX WOUSHYI.
  4165 | D:5      | 4165 ||| READING 2 scrolls of identify.
  4165 | D:5      | 4165 ||| IDENTIFYING glowing golden potion
  4175 | Temple   | Entered the Ecumenical Temple
  4318 | Temple   | 4318 ||| PLANNING D:1-11
  4395 | D:5      | Found a broken altar of Ashenzari.
  4399 | D:5      | Found an iron altar of Okawaru.
  4404 | D:5      | Became a worshipper of Warmaster Okawaru
  4409 | D:5      | Found a hazy altar of Hepliaklqana.
  4511 | D:5      | Reached skill level 3 in Fighting
  4580 | D:5      | 4580 ||| Stepping ~*~*~tactically~*~*~ (stealth).
  4581 | D:5      | 4581 ||| Stepping ~*~*~tactically~*~*~ (stealth).
  4583 | D:5      | Noticed Blork the orc
  4586 | D:5      | Killed Blork the orc
  4589 | D:5      | Reached XP level 8. HP: 42/46 MP: 12/12
  4617 | D:5      | 4617 ||| READING 3 scrolls of teleportation.
  4694 | D:6      | Reached skill level 8 in Axes
  4801 | D:6      | 4801 ||| Stepping ~*~*~tactically~*~*~ (stealth).
  4806 | D:6      | Reached skill level 3 in Armour
  4815 | D:6      | HP: 11/46 [gnoll/+0 halberd[a gnoll bouda] (9)]
  4816 | D:6      | 4816 ||| READING 2 scrolls of teleportation.
  4818 | D:6      | HP: 4/46 [gnoll/+0 halberd[a gnoll bouda] (8)]
  5107 | D:6      | 5107 ||| READING scroll of acquirement.
  5107 | D:6      | 5107 ||| ACQUIRING 610 gold pieces
  5107 | D:6      | Acquired 610 gold pieces
  5169 | D:6      | Identified the +5 chain mail of Efod {Dex+2}
  5243 | D:6      | Found a runed translucent door.
  5244 | D:6      | Noticed qw's ghost (amateur TeWr)
  5254 | D:6      | 5254 ||| Stepping ~*~*~tactically~*~*~ (hiding).
  5502 | D:6      | Found Awisuam's Magic Scroll Shop.
  5509 | D:6      | 5509 ||| BUYING scroll of brand weapon (95 gold).
  5509 | D:6      | Bought a scroll of brand weapon for 95 gold pieces
  5509 | D:6      | 5509 ||| BUYING scroll of brand weapon (95 gold).
  5509 | D:6      | Bought a scroll of brand weapon for 95 gold pieces
  5509 | D:6      | 5509 ||| BUYING scroll of identify (20 gold).
  5509 | D:6      | Bought a scroll of identify for 20 gold pieces
  5509 | D:6      | 5509 ||| BUYING scroll of identify (20 gold).
  5509 | D:6      | Bought a scroll of identify for 20 gold pieces
  5509 | D:6      | 5509 ||| BUYING scroll of teleportation (30 gold).
  5509 | D:6      | Bought a scroll of teleportation for 30 gold pieces
  5509 | D:6      | 5509 ||| Stepping ~*~*~tactically~*~*~ (stealth).
  5510 | D:6      | 5510 ||| READING 2 scrolls of brand weapon.
  5510 | D:6      | 5510 ||| BRANDING +7 broad axe of draining.
  5511 | D:6      | 5511 ||| READING scroll of brand weapon.
  5511 | D:6      | 5511 ||| BRANDING +7 broad axe of venom.
  5512 | D:6      | 5512 ||| DROPPING +0 flail.
  5517 | D:6      | Reached skill level 9 in Axes
  5820 | D:6      | Reached * piety under Okawaru
  5993 | D:6      | 5993 ||| UPGRADING to +5 chain mail of Efod {Dex+2}.
  6003 | D:6      | 6003 ||| DROPPING +0 chain mail.
  6004 | D:6      | 6004 ||| READING scroll labelled QAETOFFIFUNT.
  6005 | D:6      | 6005 ||| DRINKING 2 metallic brown potions.
  6006 | D:6      | 6006 ||| READING 4 scrolls of identify.
  6006 | D:6      | 6006 ||| IDENTIFYING purple potion
  6049 | D:7      | 6049 ||| Stepping ~*~*~tactically~*~*~ (hiding).
  6053 | D:7      | 6053 ||| INVOKING Heroism.
  6150 | D:7      | Reached skill level 1 in Invocations
  6213 | D:7      | Reached skill level 3 in Dodging
  6266 | D:7      | Noticed Pikel
  6267 | D:7      | 6267 ||| Stepping ~*~*~tactically~*~*~ (stealth).
  6269 | D:7      | 6269 ||| Stepping ~*~*~tactically~*~*~ (stealth).
  6272 | D:7      | 6272 ||| INVOKING Heroism.
  6276 | D:7      | Killed Pikel
  6277 | D:7      | Reached skill level 3 in Invocations
  6277 | D:7      | Reached XP level 9. HP: 42/54 MP: 10/13
  6282 | D:7      | 6282 ||| Stepping ~*~*~tactically~*~*~ (stealth).
  6284 | D:7      | 6284 ||| FLEEEEING.
  6285 | D:7      | 6285 ||| FLEEEEING.
  6286 | D:7      | 6286 ||| FLEEEEING.
  6287 | D:7      | 6287 ||| FLEEEEING.
  6288 | D:7      | 6288 ||| FLEEEEING.
  6289 | D:7      | 6289 ||| FLEEEEING.
  6290 | D:7      | 6290 ||| FLEEEEING.
  6291 | D:7      | 6291 ||| FLEEEEING.
  6292 | D:7      | 6292 ||| FLEEEEING.
  6293 | D:7      | 6293 ||| FLEEEEING.
  6294 | D:7      | 6294 ||| FLEEEEING.
  6295 | D:7      | 6295 ||| FLEEEEING.
  6296 | D:7      | 6296 ||| FLEEEEING.
  6297 | D:7      | 6297 ||| FLEEEEING.
  6298 | D:7      | 6298 ||| FLEEEEING.
  6299 | D:7      | 6299 ||| FLEEEEING.
  6300 | D:7      | 6300 ||| FLEEEEING.
  6301 | D:7      | 6301 ||| FLEEEEING.
  6302 | D:7      | 6302 ||| FLEEEEING.
  6309 | D:7      | 6309 ||| FLEEEEING.
  6310 | D:7      | 6310 ||| FLEEEEING.
  6311 | D:7      | 6311 ||| FLEEEEING.
  6312 | D:7      | 6312 ||| FLEEEEING.
  6313 | D:7      | 6313 ||| FLEEEEING.
  6314 | D:7      | 6314 ||| STAIRDANCE
  6359 | D:6      | 6359 ||| DROPPING ring of resist corrosion.
  6453 | D:7      | Noticed Joseph
  6454 | D:7      | 6454 ||| Stepping ~*~*~tactically~*~*~ (hiding).
  6460 | D:7      | 6460 ||| INVOKING Heroism.
  6461 | D:7      | Killed Joseph
  6461 | D:7      | Reached ** piety under Okawaru
  6473 | D:7      | Reached skill level 6 in Shields
  6663 | D:7      | 6663 ||| Stepping ~*~*~tactically~*~*~ (hiding).
  6723 | D:7      | 6723 ||| Stepping ~*~*~tactically~*~*~ (stealth).
  6724 | D:7      | 6724 ||| INVOKING Heroism.
  6854 | D:7      | 6854 ||| Stepping ~*~*~tactically~*~*~ (stealth).
  6855 | D:7      | 6855 ||| Stepping ~*~*~tactically~*~*~ (stealth).
  6857 | D:7      | 6857 ||| Stepping ~*~*~tactically~*~*~ (hiding).
  6860 | D:7      | 6860 ||| INVOKING Heroism.
  6911 | D:7      | 6911 ||| INVOKING Heroism.
  6917 | D:7      | Reached skill level 10 in Axes
  7218 | D:7      | 7218 ||| Stepping ~*~*~tactically~*~*~ (hiding).
  7465 | D:7      | 7465 ||| READING 3 scrolls of identify.
  7465 | D:7      | 7465 ||| IDENTIFYING fuming white potion
  7466 | D:7      | 7466 ||| DROPPING potion of brilliance.
  7485 | D:8      | 7485 ||| STAIRDANCE
  7565 | D:8      | Reached XP level 10. HP: 46/59 MP: 14/14
  7647 | D:8      | 7647 ||| Stepping ~*~*~tactically~*~*~ (stealth).
  7651 | D:8      | 7651 ||| INVOKING Heroism.
  7652 | D:8      | 7652 ||| Stepping ~*~*~tactically~*~*~ (hiding).
  7707 | D:8      | 7707 ||| INVOKING Heroism.
  7711 | D:8      | Reached skill level 11 in Axes
  7711 | D:8      | Reached *** piety under Okawaru
  7953 | D:8      | Found an opulent altar of Gozag.
  8230 | D:8      | Found a burning altar of Makhleb.
  8250 | D:8      | Found a shimmering blue altar of Sif Muna.
  8581 | D:8      | 8581 ||| READING scroll labelled LEFOLAZILY.
  8726 | D:8      | 8726 ||| READING scroll labelled BAOFAETEYB.
  8841 | D:9      | Noticed Amaemon
  8841 | D:9      | Noticed an orange demon
  8842 | D:9      | 8842 ||| STAIRDANCE
  8946 | D:9      | 8946 ||| INVOKING Heroism.
  8960 | D:9      | Killed Amaemon
  8962 | D:9      | 8962 ||| INVOKING Heroism.
  8969 | D:9      | Killed an orange demon
  8980 | D:9      | HP: 11/59 [something (8)]
  8981 | D:9      | HP: 4/59 [something (4)]
  9000 | D:9      | 9000 ||| READING 6 scrolls of teleportation.
  9000 | D:9      | HP: 2/59 [centaur/arrow (5)]
  9001 | D:9      | 9001 ||| DRINKING potion of heal wounds.
  9002 | D:9      | 9002 ||| INVOKING Heroism.
  9006 | D:9      | 9006 ||| Stepping ~*~*~tactically~*~*~ (stealth).
  9012 | D:9      | Reached skill level 12 in Axes
  9100 | D:9      | 9100 ||| INVOKING Heroism.
  9156 | D:9      | 9156 ||| Stepping ~*~*~tactically~*~*~ (stealth).
  9158 | D:9      | 9158 ||| Stepping ~*~*~tactically~*~*~ (hiding).
  9170 | D:9      | Reached **** piety under Okawaru
  9182 | D:9      | Reached skill level 6 in Fighting
  9235 | D:9      | Found a bloodstained altar of Trog.
  9289 | D:9      | 9289 ||| READING scroll of acquirement.
  9289 | D:9      | 9289 ||| ACQUIRING 1122 gold pieces
  9289 | D:9      | Acquired 1122 gold pieces
  9687 | D:9      | 9687 ||| READING 3 scrolls of identify.
  9687 | D:9      | 9687 ||| IDENTIFYING murky cyan potion
  9688 | D:9      | 9688 ||| READING 2 scrolls of identify.
  9688 | D:9      | 9688 ||| IDENTIFYING fizzy brown potion
  9689 | D:9      | 9689 ||| DROPPING potion of attraction.
  9690 | D:9      | 9690 ||| DROPPING potion of berserk rage.
  9707 | D:10     | Entered Level 10 of the Dungeon
  9707 | D:10     | Noticed Erolcha
  9707 | D:10     | Found a staircase to the Lair.
  9708 | D:10     | 9708 ||| STAIRDANCE
  9736 | D:10     | 9736 ||| STAIRDANCE
  9741 | D:9      | Reached XP level 11. HP: 60/64 MP: 15/15
  9849 | D:10     | 9849 ||| STAIRDANCE
  9867 | D:10     | 9867 ||| STAIRDANCE
  9906 | D:10     | 9906 ||| INVOKING Heroism.
  9908 | Abyss:2  | Cast into level 2 of the Abyss (Erolcha)
  9947 | Abyss:2  | Noticed a thrashing horror
  9956 | Abyss:2  | 9956 ||| Stepping ~*~*~tactically~*~*~ (stealth).
  9964 | Abyss:2  | Killed a thrashing horror
  9964 | Abyss:2  | Reached ***** piety under Okawaru
  9966 | Abyss:2  | Noticed a hell knight
  9966 | Abyss:2  | Noticed a hell knight
  9966 | Abyss:2  | Noticed a hell knight
  9966 | Abyss:2  | Noticed a necromancer
  9967 | Abyss:2  | 9967 ||| Stepping ~*~*~tactically~*~*~ (hiding).
  9970 | Abyss:2  | Noticed a hell knight
  9970 | Abyss:2  | Noticed a hell knight
  9970 | Abyss:2  | Noticed a hell knight
  9970 | Abyss:2  | Noticed a hell knight
  9971 | Abyss:2  | 9971 ||| INVOKING Heroism.
  9977 | Abyss:2  | HP: 3/64 [hell knight/bolt of fire (16)]
  9978 | Abyss:2  | 9978 ||| READING 5 scrolls of teleportation.
  9979 | Abyss:2  | Slain by a hell knight

Levels and vault maps discovered:
D:1:      dpeg_arrival_rooms_a, layout_rooms,
          dreamdust_ecumenical_altar_drowned_temple
D:2:      layout_loops_corners
D:3:      layout_rooms
D:4:      layout_rooms, elyvilon_altar_1, uniq_duvessa, uniq_robin
D:5:      layout_loops_cross, mainiacjoe_overflow_boulevard,
          overflow_temple_1_default, grunt_temple_overflow_diamond,
          minmay_temple_entry_wispy, kennysheep_generic_room_2,
          uniq_blork_the_orc
D:6:      layout_basic, gammafunk_ghost_grave, serial_shops, shop
D:7:      layout_cave_pods, minmay_misc_feat_chi, uniq_joseph, uniq_pikel
D:8:      layout_basic, lemuel_round_altar, overflow_temple_1_default,
          lemuel_tele_altar, nicolae_looking_at_the_future
D:9:      layout_long_grid, lemuel_doored_altar, uniq_amaemon
D:10:     layout_stronghold, david_lair_generic,
          kennysheep_orc_monster_closet_entryway, serial_shops,
          nicolae_shop_statue_plus, minivault_19, uniq_erolcha, uniq_nergalle
Temple:   hellmonk_temple_flake
Abyss:2:  base:
D:10

Skill      XL: |  1  2  3  4  5  6  7  8  9 10 11 |
---------------+----------------------------------+-----
Axes           | 3 4 6 7 9 10 12 | 12.0
Shields        | 1 3 4 5 6 7 8 |  8.0
Armour         | 2 3 4 |  4.0
Fighting       | 3 5 6 |  6.0
Invocations    | 3 4 5 |  5.6
Dodging        | 3 4 5 |  5.1
Throwing       | |  1.0
Spellcasting   | |  2.0
Translocations | |  2.4

Action                   |  1- 3 |  4- 6 |  7- 9 | 10-12 || total
-------------------------+-------+-------+-------+-------++-------
Melee: Hand axe          |    81 |    50 |       |       ||   131
       Kick              |    19 |    29 |    32 |    36 ||   116
       Peck              |    12 |    17 |    18 |    20 ||    67
       Broad axe         |       |    67 |   144 |   135 ||   346
Throw: Boomerang         |     7 |    47 |    21 |     8 ||    83
Invok: Heroism           |       |       |     6 |     8 ||    14
  Use: Scroll            |     3 |    10 |    11 |     7 ||    31
       Potion            |       |     1 |     1 |     1 ||     3
Armor: Leather armour    |    21 |       |       |       ||    21
       Ring mail         |       |    28 |       |       ||    28
       Chain mail        |       |     2 |    53 |    93 ||   148
Dodge: Dodged            |    42 |    38 |    32 |    85 ||   197
Block: Kite shield       |     2 |    39 |    84 |    95 ||   220

Table legend:
 A = Non-vault XP
 B = Vault XP
 C = Vault XP percentage of total XP
 D = Non-vault monster count
 E = Vault monster count
 F = Vault count percentage of total count
                 A         B        C        D         E       F
            +---------+---------+-------+---------+---------+-------
      Total |    6947 |    4065 |  36.9 |     188 |      35 |  15.7
            +---------+---------+-------+---------+---------+-------
        D:1 |      56 |       1 |   1.8 |      31 |       1 |   3.1
        D:2 |      37 |       0 |   0.0 |      14 |       0 |   0.0
        D:3 |      91 |       0 |   0.0 |      20 |       0 |   0.0
        D:4 |     143 |     246 |  63.2 |      23 |      15 |  39.5
        D:5 |     554 |      94 |  14.5 |      14 |       1 |   6.7
        D:6 |     776 |       0 |   0.0 |      21 |       0 |   0.0
        D:7 |    1283 |    1086 |  45.8 |      24 |       2 |   7.7
        D:8 |     802 |     936 |  53.9 |      20 |      11 |  35.5
        D:9 |    2321 |    1702 |  42.3 |      19 |       5 |  20.8
    Abyss:2 |     884 |       0 |   0.0 |       2 |       0 |   0.0
            +---------+---------+-------+---------+---------+-------
